 Dungeon Crawl Stone Soup version 0.18-a0-750-g37044d6 (webtiles) character file.

301 tof the Magician (level 6, -3/33 HPs)
             Began as a Deep Elf Summoner on Dec 12, 2015.
             Was an Initiate of Yredelemnul.
             Killed by divine providence
             ... invoked by an orc priest
              (8 damage)
             ... on level 4 of the Dungeon.
             The game lasted 00:51:23 (4648 turns).

tof the Magician (Deep Elf Summoner)                Turns: 4648, Time: 00:51:24

Health: -3/33      AC:  7    Str:  5    XL:     6   Next: 14%
Magic:  7/17       EV: 13    Int: 22    God:    Yredelemnul [......]
Gold:   213        SH:  0    Dex: 15    Spells: 3 memorised, 9 levels left

rFire  x . .     SeeInvis .     k - +0 spear
rCold  + . .     Clarity  .     a - +1 robe
rNeg   . . .     SustAt   .     (no shield)
rPois  .         Gourm    .     (no helmet)
rElec  .         Spirit   .     p - +1 cloak
rCorr  .         Dismiss  .     (no gloves)
rMut   .         Stasis   .     o - +1 pair of boots
MR     .....                    (no amulet)
Stlth  ++........               (no ring)
                                d - ring of ice

@: not resistant to hostile enchantments, unstealthy
A: no striking features
a: Renounce Religion


You were on level 4 of the Dungeon.
You worshipped Yredelemnul.
Yredelemnul was noncommittal.
You were not hungry.

You visited 1 branch of the dungeon, and saw 4 of its levels.

You collected 213 gold pieces.

Inventory:

Hand Weapons
 k - a +0 spear (weapon)
Armour
 a - a +1 robe (worn)
 o - a +1 pair of boots (worn)
 p - a +1 cloak (worn)
Jewellery
 d - a ring of ice (left hand)
Wands
 h - a wand of slowing (11)
Scrolls
 e - 2 scrolls of remove curse
 l - 2 scrolls of identify
 m - 4 scrolls of teleportation
Potions
 j - a potion of might
Books
 b - a book of Callings

   Spells                             Type                      Level
   a - Summon Small Mammal            Summoning                    1
   b - Call Imp                       Summoning                    2
   c - Call Canine Familiar           Summoning                    3
   d - Summon Guardian Golem          Hexes/Summoning              3
   e - Summon Lightning Spire         Summoning/Air                4
   f - Summon Ice Beast               Ice/Summoning                4
Comestibles
 c - 3 bread rations
 f - 6 fruits
 g - 2 beef jerkies
 i - 5 chunks of flesh
 n - a meat ration
 r - 2 slices of pizza


   Skills:
 + Level 0.5 Fighting
 + Level 0.3 Polearms
 + Level 3.2 Dodging
 + Level 3.5 Stealth
 + Level 6.0 Spellcasting
 + Level 1.3 Hexes
 + Level 5.7 Summonings


You had 9 spell levels left.
You knew the following spells:

 Your Spells              Type           Power        Failure   Level  Hunger
a - Call Canine Familiar  Summ           ####....     2%          3    #......
b - Call Imp              Summ           ####....     1%          2    None
c - Summon Guardian Gole  Hex/Summ       ###.....     8%          3    #......


Dungeon Overview and Level Annotations

Branches:
Dungeon (4/15)
 Temple: D:4-7

Altars:
Cheibriados
Yredelemnul


Message History

Anything else - Stay silent.
Gang up on whom?
Press: ? - help, Dir - move target cursor, f/p - orc priest
Aim: an orc priest, wielding a morningstar of protection and wearing a ring mail (severely wounded, hasn't noticed you) Attack!
The orc priest shouts!
The orc priest hits your shadow imp with a morningstar of protection!
Your shadow imp closely misses the orc priest.
The orc priest invokes the aid of Beogh against you.
Something smites you!
* * * LOW HITPOINT WARNING * * *
Your shadow imp hits the orc priest but does no damage.
The orc priest hits your shadow imp with a morningstar of protection!
Your shadow imp dies!
The orc priest hits your guardian golem with a morningstar of protection!
Your guardian golem overheats!
The orc priest calls down the wrath of Beogh upon you.
Something smites you!
You die...
Your body rises from the dead as a mindless zombie.

*,,,* #h#
***+*************######.#########
*,,,,,,,,,,,,,>,............5....
*,,>,,,,,,,,,,,,...####.#####.###
*,,,,************#.# #.......###
*,,,,* *##########.##########.##.
****** *.....o8h.........,,,#.##.
*,*****#5.[.#*******,#.... *,*
#.@..# *.#.### *,*
#....########.#.#
*,*########..##.(....#.#
*,*#.))..............#.#
********,*#.#######.##......#!#
*,,,,,,,,*#.8....h...#......#.#
*,****,*,*#........#.#......#.#
*,*,,,,*,*#....?...#.....(..#.#
*,*,****,*#.#########.......#.#


You could see an orc priest, a friendly guardian golem (inner flame), a friendly
hound and a friendly crimson imp.

Vanquished Creatures
  An ogre (D:4)
  An orc wizard (D:4)
  An adder (D:2)
  2 worms
  A ball python (D:4)
  A giant cockroach (D:1)
  A hobgoblin (D:3)
  8 kobolds
  2 giant newts (D:1)
  2 goblins
  3 rats
23 creatures vanquished.

Vanquished Creatures (collateral kills)
  A phantom (D:4)
  A hound (D:4)
  2 orc priests
  2 orc wizards
  A worker ant (D:4)
  Natasha (twice) (D:2)
  3 adders
  A gnoll (D:1)
  8 orcs
  4 giant cockroaches
  4 goblins
  5 hobgoblins
  2 jackals (D:2)
  6 kobolds
  6 bats
  3 giant newts
  2 rats (D:2)
53 creatures vanquished.

Grand Total: 76 creatures vanquished

Notes
Turn   | Place    | Note
--------------------------------------------------------------
     0 | D:1      | tof the Deep Elf Summoner began the quest for the Orb.
     0 | D:1      | Reached XP level 1. HP: 10/10 MP: 6/6
   637 | D:1      | Reached XP level 2. HP: 15/15 MP: 8/8
   641 | D:1      | Learned a level 2 spell: Call Imp
  1441 | D:2      | Noticed Natasha
  1516 | D:2      | Killed Natasha
  1516 | D:2      | Reached XP level 3. HP: 10/19 MP: 3/10
  1860 | D:2      | Reached skill level 5 in Summonings
  2081 | D:2      | Noticed Natasha
  2094 | D:2      | Found a basalt altar of Yredelemnul.
  2102 | D:2      | Killed Natasha
  2189 | D:2      | Found a snail-covered altar of Cheibriados.
  2293 | D:2      | Became a worshipper of Yredelemnul the Dark
  2328 | D:2      | Learned a level 3 spell: Summon Guardian Golem
  2608 | D:3      | Reached XP level 4. HP: 10/24 MP: 2/12
  3739 | D:4      | Noticed an ogre
  3761 | D:4      | Killed an ogre
  3761 | D:4      | Reached skill level 5 in Spellcasting
  3761 | D:4      | Reached XP level 5. HP: 28/28 MP: 5/14
  4076 | D:4      | Reached skill level 1 in Hexes
  4248 | D:4      | Learned a level 3 spell: Call Canine Familiar
  4314 | D:4      | Noticed a phantom
  4337 | D:4      | Killed a phantom
  4337 | D:4      | Reached XP level 6. HP: 21/33 MP: 7/16
  4615 | D:4      | Reached skill level 6 in Spellcasting
  4648 | D:4      | Killed from afar by an orc priest

Vault maps used:
D:1:      dpeg_arrival_arbitrary_a
D:2:      grunt_temple_overflow_open, first_bread, uniq_natasha
D:4:      okawaru_altar_gauntlet_db, uniq_menkaure

Action                   |  1- 3 |  4- 6 || total
-------------------------+-------+-------++-------
Melee: Unarmed           |    27 |       ||    27
       Spear             |    53 |    44 ||    97
 Cast: Summon Small Mamm |    22 |       ||    22
       Call Imp          |    35 |    30 ||    65
       Summon Guardian G |     2 |    12 ||    14
       Call Canine Famil |       |     6 ||     6
  Use: Scroll            |     9 |     6 ||    15
       Potion            |     5 |     4 ||     9
 Stab: Sleeping          |     3 |       ||     3
       Distracted        |       |     1 ||     1
  Eat: Chunk             |     3 |     7 ||    10
       Fruit             |     1 |     2 ||     3
       Royal jelly       |     1 |       ||     1
